[Event "Late-Titled-Tuesday-Blitz-February-06-2024"]
[Site "Chess.com"]
[Date "2024.02.06"]
[Round "9"]
[White "Korchmar_Vasiliy"]
[Black "winniethepooh04"]
[Result "1-0"]
[WhiteElo "2733"]
[BlackElo "2531"]
[TimeControl "180+1"]
[EndTime "15:39:54 PST"]
[Termination "Korchmar_Vasiliy won by resignation"]

1. e4 e6 2. d4 d5 3. e5 c5 4. c3 Nc6 5. Nf3 Bd7 6. Be2 Nge7 7. Na3 cxd4 8. cxd4 Ng6 9. Nc2 Be7 10. h4 Nxh4 11. Nxh4 Bxh4 12. Bd3 Be7 13. Qg4 g6 14. Bh6 Bf8 15. Bg5 Be7 16. Bh6 Bf8 17. O-O-O Qa5 18.
Kb1 Nb4 19. Nxb4 Qxb4 20. a3 Qb6 21. Bxf8 Kxf8 22. Rc1 Kg7 23. Qf4 h5 24. Qf6+ Kg8 25.
Bxg6 fxg6 26. Qxg6+ Kf8 27. Qf6+ Kg8 28. Rc3 h4 29. Rg3+ 1-0

[Event "Late-Titled-Tuesday-Blitz-February-06-2024"]
[Site "Chess.com"]
[Date "2024.02.06"]
[Round "9"]
[White "j_coca"]
[Black "Zavgorodniy_Sergiy"]
[Result "0-1"]
[WhiteElo "2453"]
[BlackElo "2593"]
[TimeControl "180+1"]
[EndTime "15:40:00 PST"]
[Termination "Zavgorodniy_Sergiy won by resignation"]

1. f4 d5 2. Nf3 c5 3. e3 Nf6 4. d4 g6 5. c3 Bg7 6. Bd3 O-O 7. O-O b6 8. Nbd2 Ba6 9. Qe2 Bxd3 10. Qxd3 Nbd7 11. Ne5 Qc7 12. h3 Qb7 13. g4 e6 14.
Nxd7 Qxd7 15. f5 exf5 16. gxf5 Rae8 17. Rf3 Bh6 18. Nf1 Ne4 19. fxg6 fxg6 20. Kg2 Rxf3 21. Kxf3 Qxh3+ 22. Ke2 Rf8 23. Nd2 Rf2+ 24. Kd1 Rxd2+ 25. Bxd2 Nf2+ 0-1

[Event "Late-Titled-Tuesday-Blitz-February-06-2024"]
[Site "Chess.com"]
[Date "2024.02.06"]
[Round "9"]
[White "RichardLeyvaP"]
[Black "MeisterJabo"]
[Result "0-1"]
[WhiteElo "2502"]
[BlackElo "2366"]
[TimeControl "180+1"]
[EndTime "15:40:05 PST"]
[Termination "MeisterJabo won by resignation"]

1. e4 e5 2. d4 exd4 3. Qxd4 Nc6 4. Qe3 Nf6 5. Nc3 Bb4 6. Bd2 d6 7. O-O-O Be6 8. Qg3 O-O 9. h4 Ne5 10. f4 Bxc3 11.
Bxc3 Nxe4 12. Qe3 Nxc3 13. Qxc3 Ng4 14. Qg3 Qf6 15. Nf3 h5 16. a3 Bf5 17. Nd4 Rfe8 18. Qb3 Nf2 19. Bb5 c6 0-1

[Event "Late-Titled-Tuesday-Blitz-February-06-2024"]
[Site "Chess.com"]
[Date "2024.02.06"]
[Round "9"]
[White "Gryffindorac8"]
[Black "ahkashefi2800"]
[Result "1-0"]
[WhiteElo "2397"]
[BlackElo "2528"]
[TimeControl "180+1"]
[EndTime "15:40:21 PST"]
[Termination "Gryffindorac8 won by resignation"]

1. d4 c5 2. d5 e6 3. c4 exd5 4. cxd5 d6 5. Nc3 g6 6. Nf3 Bg7 7. h3 Nf6 8. e4 O-O 9. Be3 Re8 10. Nd2 Na6 11. Be2 Nc7 12. a4 b6 13. O-O Ba6 14. Bxa6 Nxa6 15. Re1 Nc7 16. Qc2 Qd7 17. Nc4 Rab8 18.
Bf4 Bf8 19. Rad1 a6 20. e5 dxe5 21. Nxe5 Qc8 22. d6 Ne6 23. d7 Nxd7 24. Nxd7 Nxf4 25. Nf6+ Kh8 26. Rxe8 Qb7 27. Qe4 1-0

[Event "Late-Titled-Tuesday-Blitz-February-06-2024"]
[Site "Chess.com"]
[Date "2024.02.06"]
[Round "9"]
[White "Cronos97"]
[Black "jcmesafischer"]
[Result "0-1"]
[WhiteElo "2205"]
[BlackElo "2355"]
[TimeControl "180+1"]
[EndTime "15:40:23 PST"]
[Termination "jcmesafischer won by resignation"]

1. Nf3 d5 2. g3 Nf6 3. c4 e6 4. Bg2 Be7 5. O-O O-O 6. d4 dxc4 7. Nc3 Nc6 8. Bg5 a6 9. a4 h6 10. Bxf6 Bxf6 11. e3 e5 12. dxe5 Nxe5 13. Nxe5 Bxe5 14.
Qe2 Qd3 15. Qxd3 cxd3 16. Rfd1 Rd8 17. Be4 d2 18. Rab1 Be6 19. Bxb7 Rab8 20. Bxa6 Bxc3 21.
Be2 Rxb2 22. Rxb2 Bxb2 23. a5 Bc1 24. a6 c5 0-1

[Event "Late-Titled-Tuesday-Blitz-February-06-2024"]
[Site "Chess.com"]
[Date "2024.02.06"]
[Round "9"]
[White "dropstoneDP"]
[Black "bascheyaro"]
[Result "1-0"]
[WhiteElo "2990"]
[BlackElo "2783"]
[TimeControl "180+1"]
[EndTime "15:40:50 PST"]
[Termination "dropstoneDP won by resignation"]

1. e4 e6 2. d4 d5 3. exd5 exd5 4.
Nf3 Nf6 5. Bd3 c5 6. O-O c4 7. Re1+ Be7 8. Bf1 O-O 9. b3 cxb3 10. axb3 Nc6 11. c3 Bf5 12. Ba3 Bxa3 13. Nxa3 a6 14. Nc2 Bxc2 15. Qxc2 Rc8 16. Qb2 Re8 17. Rxe8+ Qxe8 18. Re1 Qd7 19. Ne5 Nxe5 20. dxe5 Ne4 21.
c4 Qe6 22. Qd4 Nf6 23. exf6 Qxe1 24. Qg4 1-0

[Event "Late-Titled-Tuesday-Blitz-February-06-2024"]
[Site "Chess.com"]
[Date "2024.02.06"]
[Round "9"]
[White "expii"]
[Black "martinmena"]
[Result "0-1"]
[WhiteElo "2201"]
[BlackElo "2181"]
[TimeControl "180+1"]
[EndTime "15:40:50 PST"]
[Termination "martinmena won by resignation"]

1. e4 c6 2. d4 d5 3. f3 e6 4. Nc3 Bb4 5. Ne2 dxe4 6. fxe4 Qh4+ 7. Ng3 Nf6 8. Bd3 O-O 9. O-O e5 10. dxe5 Ng4 11. h3 Qxg3 12. hxg4 Bc5+ 0-1

[Event "Late-Titled-Tuesday-Blitz-February-06-2024"]
[Site "Chess.com"]
[Date "2024.02.06"]
[Round "9"]
[White "Akhayan"]
[Black "WilsonPalencia21"]
[Result "0-1"]
[WhiteElo "2384"]
[BlackElo "2595"]
[TimeControl "180+1"]
[EndTime "15:40:53 PST"]
[Termination "WilsonPalencia21 won by resignation"]

1. e4 c5 2. Nf3 d6 3. d4 cxd4 4. Nxd4 Nf6 5. Nc3 g6 6. f4 Bg7 7. e5 Nh5 8. Bb5+ Bd7 9. e6 fxe6 10. Nxe6 Bxc3+ 11. bxc3 Qc8 12. Bxd7+ Kxd7 13. Qg4 Qxc3+ 14. Kf2 Nf6 15. Nc5+ Kc6 16. Be3 Nxg4+ 0-1

[Event "Late-Titled-Tuesday-Blitz-February-06-2024"]
[Site "Chess.com"]
[Date "2024.02.06"]
[Round "9"]
[White "AmanteDeMoi"]
[Black "Teidi96"]
[Result "1-0"]
[WhiteElo "2598"]
[BlackElo "2368"]
[TimeControl "180+1"]
[EndTime "15:40:55 PST"]
[Termination "AmanteDeMoi won by resignation"]

1. Nf3 d5 2. e3 e6 3. c4 Nf6 4.
b3 Be7 5. Bb2 O-O 6. Be2 b6 7.
O-O Bb7 8. d4 dxc4 9. bxc4 c5 10. Nc3 cxd4 11. exd4 Nbd7 12. Rc1 Rc8 13. Re1 Bb4 14. Qb3 Ba5 15. Red1 Bxc3 16. Bxc3 Ne4 17. Ba1 Ndf6 18. Qe3 Ng4 19. Qf4 Ngf6 20. Ne5 Nd7 21. Nxd7 Qxd7 22. d5 exd5 23. Qxe4 Rfe8 24. Qd4 f6 25.
Bg4 1-0

[Event "Late-Titled-Tuesday-Blitz-February-06-2024"]
[Site "Chess.com"]
[Date "2024.02.06"]
[Round "9"]
[White "Cambek64"]
[Black "ChEsper99"]
[Result "1-0"]
[WhiteElo "2505"]
[BlackElo "2261"]
[TimeControl "180+1"]
[EndTime "15:40:58 PST"]
[Termination "Cambek64 won by resignation"]

1. e4 c5 2. Nc3 d6 3. d3 Nc6 4. Be3 g6 5. d4 cxd4 6. Bxd4 Nxd4 7. Qxd4 Nf6 8. e5 dxe5 9. Bb5+ Bd7 10. Qxe5 Bxb5 11.
Nxb5 Rc8 12. Rd1 Qa5+ 13. c3 Qxa2 14. Nd6+ Kd7 15. Nxc8+ Kxc8 16. Qc5+ 1-0

[Event "Late-Titled-Tuesday-Blitz-February-06-2024"]
[Site "Chess.com"]
[Date "2024.02.06"]
[Round "9"]
[White "Attacker_2006"]
[Black "ritanovikova"]
[Result "0-1"]
[WhiteElo "2476"]
[BlackElo "2249"]
[TimeControl "180+1"]
[EndTime "15:40:59 PST"]
[Termination "ritanovikova won by resignation"]

1. e4 d5 2. exd5 Qxd5 3. Nc3 Qd6 4. Nf3 Nf6 5. h3 a6 6. d4 Bf5 7. Ne5 Nc6 8. Qf3 Nxe5 9. Qxf5 Nc6 10. d5 Nb4 11. Bc4 g6 12. Ne4 gxf5 13. Nxd6+ exd6 14. Bb3 Nbxd5 0-1

[Event "Late-Titled-Tuesday-Blitz-February-06-2024"]
[Site "Chess.com"]
[Date "2024.02.06"]
[Round "9"]
[White "Atousa"]
[Black "aghasiyevkamal"]
[Result "1-0"]
[WhiteElo "2493"]
[BlackElo "2593"]
[TimeControl "180+1"]
[EndTime "15:41:08 PST"]
[Termination "Atousa won by checkmate"]

1. e4 e5 2. Nf3 Nc6 3. Bb5 a6 4. Ba4 Nf6 5. O-O Be7 6. Re1 b5 7. Bb3 d6 8. c3 O-O 9. h3 Nd7 10. d4 Bf6 11. Be3 Bb7 12. Nbd2 Ne7 13. d5 c6 14. c4 Rc8 15. cxb5 cxd5 16. bxa6 Bxa6 17. exd5 Bd3 18. Nf1 e4 19. Nd4 Bxd4 20. Bxd4 Nf5 21. Bc3 Nc5 22. Ne3 Nh4 23. Qg4 f5 24. Qxg7# 1-0

[Event "Late-Titled-Tuesday-Blitz-February-06-2024"]
[Site "Chess.com"]
[Date "2024.02.06"]
[Round "9"]
[White "Semetey"]
[Black "KaydenTroffChess"]
[Result "0-1"]
[WhiteElo "2639"]
[BlackElo "2838"]
[TimeControl "180+1"]
[EndTime "15:41:09 PST"]
[Termination "KaydenTroffChess won by resignation"]

1. e4 c5 2. Nf3 g6 3. d4 cxd4 4. Nxd4 Bg7 5. Nc3 Nc6 6. Nb3 a5 7. a4 Nf6 8. Be2 O-O 9. O-O Nb4 10. e5 Ne8 11. f4 d6 12. exd6 Nxd6 13. Be3 Be6 14. Nd4 Bc4 15. Bf2 Rc8 16. b3 Bxe2 17.
Ncxe2 Ne4 18. Be3 Nc3 19. Nxc3 Rxc3 20. Qd2 Rxe3 21. c3 Rxc3 0-1

[Event "Late-Titled-Tuesday-Blitz-February-06-2024"]
[Site "Chess.com"]
[Date "2024.02.06"]
[Round "9"]
[White "semchik73"]
[Black "GMG"]
[Result "0-1"]
[WhiteElo "2436"]
[BlackElo "2688"]
[TimeControl "180+1"]
[EndTime "15:41:09 PST"]
[Termination "GMG won by resignation"]

1. Nf3 f5 2. e4 fxe4 3. Ng5 Nf6 4.
d3 e3 5. Bxe3 d5 6. d4 Bf5 7.
Bd3 Qd7 8. O-O Nc6 9. a3 e5 10. dxe5 Nxe5 11. Bxf5 Qxf5 12. Re1 O-O-O 13. f4 Neg4 14.
Bd2 Bc5+ 15. Be3 Nxe3 0-1

[Event "Late-Titled-Tuesday-Blitz-February-06-2024"]
[Site "Chess.com"]
[Date "2024.02.06"]
[Round "9"]
[White "Schattman"]
[Black "martinez_95"]
[Result "1-0"]
[WhiteElo "2385"]
[BlackElo "2238"]
[TimeControl "180+1"]
[EndTime "15:41:10 PST"]
[Termination "Schattman won by resignation"]

1. f4 e6 2. Nf3 b6 3. g3 Bb7 4. Bg2 h6 5. d3 Nf6 6. e4 d6 7. O-O Nbd7 8. Qe2 g6 9. b3 Bg7 10. Bb2 Qe7 11. a4 a5 12. Nbd2 g5 13. fxg5 hxg5 14.
e5 Nh5 15. exd6 Qxd6 16. Bxg7 Nxg7 17. Nc4 Qc5+ 18. d4 Bxf3 19. Qxf3 Qxd4+ 20. Kh1 O-O 21. Rad1 g4 22. Qe2 1-0

[Event "Late-Titled-Tuesday-Blitz-February-06-2024"]
[Site "Chess.com"]
[Date "2024.02.06"]
[Round "9"]
[White "CaspiIsrael"]
[Black "tgpgoat"]
[Result "1-0"]
[WhiteElo "2697"]
[BlackElo "2479"]
[TimeControl "180+1"]
[EndTime "15:41:15 PST"]
[Termination "CaspiIsrael won by resignation"]

1. e4 c5 2. Nf3 e6 3. b3 b6 4. Bb2 Bb7 5. Bd3 d6 6. O-O Nf6 7. Re1 Be7 8. c4 O-O 9. Bc2 Nc6 10.
d4 cxd4 11. Nxd4 Nxd4 12. Qxd4 Ne8 13. Nc3 Bf6 14. Qe3 Nc7 15. Rad1 Qe7 16. Ba3 Rfd8 17.
e5 Bg5 18. exd6 Bxe3 19. dxe7 Rxd1 20. Rxd1 Bg5 21. Rd7 Bf4 22. Rd8+ Ne8 23. Be4 Bg5 24.
Rxa8 Bxa8 25. Bxa8 f5 26. Nb5 Kf7 1-0

[Event "Late-Titled-Tuesday-Blitz-February-06-2024"]
[Site "Chess.com"]
[Date "2024.02.06"]
[Round "9"]
[White "Jarrahi2452"]
[Black "Zhigalko_Sergei"]
[Result "0-1"]
[WhiteElo "2807"]
[BlackElo "2948"]
[TimeControl "180+1"]
[EndTime "15:41:19 PST"]
[Termination "Zhigalko_Sergei won by resignation"]

1. d4 Nf6 2. Bf4 e6 3. e3 b6 4.
Nf3 Bb7 5. Nbd2 Nh5 6. Bg5 Be7 7. Bxe7 Qxe7 8. Bd3 d6 9. O-O Nd7 10. c4 O-O 11. Qc2 Nhf6 12. Ne4 c5 13. Nfd2 Rac8 14. b3 cxd4 15. exd4 d5 16. Nxf6+ Nxf6 17. Rfe1 Rfd8 18. Qb2 Qd6 19. cxd5 Qxd5 20. Nf3 Qd6 21. Ng5 Qxd4 0-1

[Event "Late-Titled-Tuesday-Blitz-February-06-2024"]
[Site "Chess.com"]
[Date "2024.02.06"]
[Round "9"]
[White "reevecanada"]
[Black "Mops_2004"]
[Result "1-0"]
[WhiteElo "2585"]
[BlackElo "2725"]
[TimeControl "180+1"]
[EndTime "15:41:21 PST"]
[Termination "reevecanada won by resignation"]

1. e4 g6 2. d4 Bg7 3. Nc3 d6 4. Nge2 a6 5. f3 b5 6. a3 Nd7 7. Be3 Bb7 8. Qd2 c5 9. h4 cxd4 10. Nxd4 Ngf6 11. O-O-O Rc8 12. g4 Ne5 13. h5 Rg8 14.
Be2 Qa5 15. Kb1 Nfd7 16. hxg6 hxg6 17. Rh7 Nb6 18. Nb3 Nxf3 19. Nxa5 Nxd2+ 20. Rxd2 1-0

[Event "Late-Titled-Tuesday-Blitz-February-06-2024"]
[Site "Chess.com"]
[Date "2024.02.06"]
[Round "9"]
[White "K_A_S_T_O_R"]
[Black "AsterPhoenix"]
[Result "1-0"]
[WhiteElo "2870"]
[BlackElo "2639"]
[TimeControl "180+1"]
[EndTime "15:41:33 PST"]
[Termination "K_A_S_T_O_R won by resignation"]

1. e4 c5 2. Nf3 e6 3. d4 cxd4 4. Nxd4 Nf6 5. Nc3 Nc6 6. a3 Be7 7. Be2 d6 8. O-O O-O 9. Be3 Bd7 10. Nb3 Na5 11. Nd2 b6 12. f4 Rc8 13. Kh1 Bc6 14. Bg1 Bb7 15. Bd3 e5 16. fxe5 dxe5 17. Qe2 Nc6 18.
Nf3 Nd4 19. Nxd4 exd4 20. Nb5 Re8 21. Nxa7 Rc5 22. Nb5 Rh5 23. Rxf6 Rxb5 24. Bxb5 Bxf6 25. Bxe8 Qxe8 26. Rd1 Qxe4 27. Qxe4 Bxe4 28. Bxd4 Bxc2 29. Rd2 Ba4 30. Bxf6 gxf6 31. Rd6 b5 32. Rxf6 Kg7 33.
Rf4 1-0

[Event "Late-Titled-Tuesday-Blitz-February-06-2024"]
[Site "Chess.com"]
[Date "2024.02.06"]
[Round "9"]
[White "pinguino120"]
[Black "N_Mullodzhanov"]
[Result "0-1"]
[WhiteElo "2275"]
[BlackElo "2479"]
[TimeControl "180+1"]
[EndTime "15:41:35 PST"]
[Termination "N_Mullodzhanov won by resignation"]

1. d4 Nf6 2. Nc3 d5 3. Bf4 g6 4. e3 Bg7 5. h4 O-O 6. Be2 c5 7.
Nb5 Ne4 8. Nc7 e5 9. Nxa8 exf4 10. Nf3 fxe3 11. fxe3 Nc6 12. dxc5 Bxb2 13. Rb1 Bc3+ 14. Kf1 Ng3+ 15. Kg1 Nxh1 16. Kxh1 Bg4 17. Qd3 Bg7 18. Rxb7 Qxa8 19. Rc7 Rc8 20. Rxc8+ Qxc8 21. Qxd5 Be6 22. Qd6 Bxa2 23. Nd4 Na5 24. Bf3 Bf8 25. Qxg6+ 0-1

[Event "Late-Titled-Tuesday-Blitz-February-06-2024"]
[Site "Chess.com"]
[Date "2024.02.06"]
[Round "9"]
[White "GadimbayliA"]
[Black "h4parah5"]
[Result "1-0"]
[WhiteElo "2839"]
[BlackElo "2953"]
[TimeControl "180+1"]
[EndTime "15:41:40 PST"]
[Termination "GadimbayliA won by resignation"]

1. e4 c5 2. Nf3 e6 3. d4 cxd4 4. Nxd4 Nc6 5. Nc3 Qc7 6. Be3 a6 7. Qd2 Nf6 8. f4 b5 9. Nxc6 Qxc6 10. e5 b4 11. exf6 bxc3 12. Qxc3 Qxc3+ 13. bxc3 gxf6 14. Rb1 f5 15. g3 Bg7 16. c4 a5 17. Bg2 Ra6 18.
Rb8 O-O 19. Kf2 Rd6 20. Rhb1 Ba6 21. Rxf8+ Bxf8 22. c5 1-0

[Event "Late-Titled-Tuesday-Blitz-February-06-2024"]
[Site "Chess.com"]
[Date "2024.02.06"]
[Round "9"]
[White "jcibarra"]
[Black "DenLaz"]
[Result "1/2-1/2"]
[WhiteElo "2900"]
[BlackElo "3044"]
[TimeControl "180+1"]
[EndTime "15:41:52 PST"]
[Termination "Game drawn by agreement"]

1. e4 c5 2. Nf3 e6 3. d3 Nc6 4. g3 g6 5. Bg2 Bg7 6. O-O Nge7 7.
c3 e5 8. a3 O-O 9. b4 d6 10. b5 Na5 11. c4 h6 12. Nc3 f5 13.
Bd2 f4 14. Ne1 b6 15. g4 g5 16. f3 h5 17. h3 Ng6 18. Rf2 Be6 19. Bf1 Kf7 20. Ra2 Rh8 21. Nd5 Nb7 22. a4 Bxd5 23.
cxd5 Bf6 24. Nc2 Na5 25. Bxa5 bxa5 26. Na3 Qc7 27. Nc4 Bd8 28. Qe1 Ne7 29. Rh2 Nc8 30. Rag2 h4 31. Rb2 Rb8 32. Qc3 Nb6 33. Qc2 Nxc4 34.
dxc4 Rb6 1/2-1/2

[Event "Late-Titled-Tuesday-Blitz-February-06-2024"]
[Site "Chess.com"]
[Date "2024.02.06"]
[Round "9"]
[White "Veleamater"]
[Black "Zallio"]
[Result "0-1"]
[WhiteElo "2320"]
[BlackElo "2161"]
[TimeControl "180+1"]
[EndTime "15:42:05 PST"]
[Termination "Zallio won by resignation"]

1. g3 d5 2. Bg2 g6 3. d3 Bg7 4. Nf3 e5 5. O-O Ne7 6. h3 O-O 7. Nc3 c6 8. e4 Re8 9. Nd2 d4 10. Ne2 f5 11. f4 Nd7 12. Nf3 c5 13. fxe5 Nxe5 14. Nxe5 Bxe5 15. Nf4 g5 16. Nh5 h6 17. h4 fxe4 18. Bxe4 Bh3 19. hxg5 Bxf1 20. Qxf1 Nc6 21. gxh6 Rf8 22. Qh3 Qc8 23. Qh4 Kh8 24. Bg5 Qc7 25. Ng7 Bxg3 26. Qh5 Qf7 27. Qxf7 Rxf7 28. Kg2 Bf4 29.
Ne6 Bxg5 30. Nxg5 Rg8 0-1

[Event "Late-Titled-Tuesday-Blitz-February-06-2024"]
[Site "Chess.com"]
[Date "2024.02.06"]
[Round "9"]
[White "LUISMIGUELOV"]
[Black "Bala-Afiada"]
[Result "0-1"]
[WhiteElo "2189"]
[BlackElo "2031"]
[TimeControl "180+1"]
[EndTime "15:42:12 PST"]
[Termination "Bala-Afiada won by resignation"]

1. d4 Nf6 2. c3 e6 3. Bg5 Be7 4. h4 h6 5. Bf4 d5 6. Nf3 c5 7. e3 Nc6 8. Nbd2 cxd4 9. exd4 O-O 10. Bd3 Bd6 11. Bxd6 Qxd6 12. Qe2 Re8 13. O-O e5 14. dxe5 Nxe5 15. Nxe5 Rxe5 16. Qf3 Bg4 17. Qg3 Qe7 18. Nf3 Bxf3 19. Qxf3 Re8 20. g3 Ne4 21. Rad1 f5 22. Kg2 Rf8 23. Rfe1 Rf6 24. c4 dxc4 25.
Bxc4+ Kh8 26. Qd3 Qc5 27. Qd8+ Kh7 28. h5 Qxf2+ 0-1

[Event "Late-Titled-Tuesday-Blitz-February-06-2024"]
[Site "Chess.com"]
[Date "2024.02.06"]
[Round "9"]
[White "mishanick"]
[Black "Malev212"]
[Result "1-0"]
[WhiteElo "3034"]
[BlackElo "2671"]
[TimeControl "180+1"]
[EndTime "15:42:16 PST"]
[Termination "mishanick won on time"]

1. d4 g6 2. e4 Bg7 3. Bc4 c6 4. e5 d5 5. Bd3 f6 6. f4 Nh6 7.
Ne2 O-O 8. O-O b6 9. h3 c5 10. c3 Nf5 11. g4 Nh6 12. Ng3 fxe5 13. fxe5 Rxf1+ 14. Qxf1 Nc6 15. Be3 Bxg4 16. hxg4 Nxg4 17. Qe2 Qd7 18. Bb5 h5 19. Nd2 a6 20. Bxc6 Qxc6 21. Nf3 Rf8 22. Rf1 Qa4 23. a3 Qb3 24. Bg5 e6 25. Nh4 Rxf1+ 26. Nxf1 cxd4 27. cxd4 Kh7 28. Kg2 Bh6 29. Nf3 1-0

[Event "Late-Titled-Tuesday-Blitz-February-06-2024"]
[Site "Chess.com"]
[Date "2024.02.06"]
[Round "9"]
[White "romulocardoso"]
[Black "BozeKat"]
[Result "0-1"]
[WhiteElo "2152"]
[BlackElo "2014"]
[TimeControl "180+1"]
[EndTime "15:42:27 PST"]
[Termination "BozeKat won by resignation"]

1. e4 c5 2. Nf3 a6 3. d4 cxd4 4. Nxd4 e5 5. Nf5 d5 6. Bd3 dxe4 7. Bxe4 Qxd1+ 8. Kxd1 Nf6 9. Ng3 Nxe4 10. Nxe4 Bf5 11. Ng3 Bg6 12. Re1 Nc6 13. c3 Bc5 14. f4 Bf2 15. Rf1 O-O-O+ 16. Bd2 Bxg3 17. hxg3 e4 18. f5 Bh5+ 19. Kc2 Be2 20. Re1 Bd3+ 21. Kc1 Rhe8 22. g4 Ne5 23. g5 Bxb1 24. Rxb1 Nd3+ 25. Kd1 Nxe1 26. Kxe1 e3 27. Bc1 Rd5 28. g4 g6 29.
Ke2 gxf5 30. gxf5 Rxf5 0-1

[Event "Late-Titled-Tuesday-Blitz-February-06-2024"]
[Site "Chess.com"]
[Date "2024.02.06"]
[Round "9"]
[White "JonasGallasch"]
[Black "Philippians46"]
[Result "0-1"]
[WhiteElo "2435"]
[BlackElo "2691"]
[TimeControl "180+1"]
[EndTime "15:42:31 PST"]
[Termination "Philippians46 won by checkmate"]

1. d4 Nf6 2. c4 g6 3. Nc3 d5 4.
Nf3 Bg7 5. h4 c5 6. dxc5 Be6 7. h5 Nxh5 8. cxd5 Bxc3+ 9. bxc3 Qxd5 10. Qxd5 Bxd5 11. Bb2 Nf6 12. e3 Nbd7 13. c4 Bc6 14. Nd4 Rc8 15. Ba3 O-O 16. Be2 Bxg2 17. Rg1 Be4 18. f3 Bc6 19. Rb1 Rc7 20. Nxc6 Rxc6 21.
Rxb7 Ra8 22. f4 Ra6 23. Bb2 Rxa2 24. c6 Nc5 25. Be5 Kf8 26. Rg2 Nfe4 27. Rh2 h5 28. f5 f6 29. fxg6 fxe5 30. Rxh5 Rxe2+ 31. Kd1 Nc3+ 32. Kc1 Nd3# 0-1

[Event "Late-Titled-Tuesday-Blitz-February-06-2024"]
[Site "Chess.com"]
[Date "2024.02.06"]
[Round "9"]
[White "EsmeraldasAnderson03"]
[Black "Pachonpower"]
[Result "1-0"]
[WhiteElo "2395"]
[BlackElo "2291"]
[TimeControl "180+1"]
[EndTime "15:42:35 PST"]
[Termination "EsmeraldasAnderson03 won by resignation"]

1. d4 e6 2. c4 d5 3. cxd5 exd5 4.
Nc3 Nf6 5. Bg5 c6 6. Qc2 Be7 7. e3 g6 8. Nf3 Bf5 9. Bd3 Ne4 10.
Bxe7 Qxe7 11. O-O O-O 12. Rab1 Nd7 13. b4 b5 14. a4 Nxc3 15. Qxc3 Bxd3 16. Qxd3 a6 17.
Rfc1 Rfc8 18. a5 Nf6 19. Ne5 Qd6 20. Qe2 Nd7 21. Nd3 Rc7 22. Rc2 Rac8 23. Rbc1 Nf6 24.
Nc5 Ra8 25. h3 Ne4 26. Nxe4 dxe4 27. Rc5 f5 28. d5 Rac8 29. Qc2 Kg7 30. Qc3+ Qf6 31.
Qxf6+ Kxf6 32. d6 Rd7 33. Rxc6 Rxc6 34. Rxc6 Ke5 35. Rxa6 Rxd6 36. Rxd6 Kxd6 37. g4 1-0

[Event "Late-Titled-Tuesday-Blitz-February-06-2024"]
[Site "Chess.com"]
[Date "2024.02.06"]
[Round "9"]
[White "Vicmary2005"]
[Black "norwaytoadog"]
[Result "1-0"]
[WhiteElo "2044"]
[BlackElo "2218"]
[TimeControl "180+1"]
[EndTime "15:42:36 PST"]
[Termination "Vicmary2005 won by resignation"]

1. e4 c5 2. Nf3 d6 3. d4 cxd4 4. Qxd4 Nc6 5. Bb5 a6 6. Bxc6+ bxc6 7. c4 e5 8. Qd3 Qc7 9. Nc3 a5 10. Be3 Nf6 11. O-O Be7 12. Rfd1 O-O 13. c5 dxc5 14. Na4 Ba6 15. Qc3 Nxe4 16. Qc2 f5 17.
Nxc5 Nxc5 18. Bxc5 e4 19. Nd4 Rfe8 20. Nxf5 Bf6 21. Rac1 Qe5 22. Nd6 Red8 23. Qb3+ Bc4 24. Qxc4+ 1-0

[Event "Late-Titled-Tuesday-Blitz-February-06-2024"]
[Site "Chess.com"]
[Date "2024.02.06"]
[Round "9"]
[White "IraZyne"]
[Black "xakevicius91"]
[Result "1-0"]
[WhiteElo "2329"]
[BlackElo "2551"]
[TimeControl "180+1"]
[EndTime "15:42:41 PST"]
[Termination "IraZyne won by checkmate"]

1. e4 c5 2. Nc3 a6 3. g3 g6 4.
Bg2 Bg7 5. d3 Nc6 6. Be3 d6 7.
Qd2 h5 8. h3 Nf6 9. Nge2 Rb8 10. f4 b5 11. e5 dxe5 12. Bxc6+ Bd7 13. Bxd7+ Nxd7 14. O-O e6 15. Ne4 Qc7 16. fxe5 Bxe5 17. Bf4 h4 18. g4 Rd8 19. Bxe5 Qxe5 20. Qf4 Qxf4 21. Rxf4 Ke7 22. Raf1 f5 23. gxf5 gxf5 24. Nd2 Nf6 25. Nf3 Nd5 26. Rxh4 Rhg8+ 27. Kf2 Nb4 28. Rh7+ Kd6 29. d4 c4 30. c3 Nd3+ 31. Ke3 Nxb2 32.
Ne5 Rgf8 33. Nf7+ Rxf7 34. Rxf7 Nd3 35. Nf4 Rg8 36. Nxd3 cxd3 37. Rf3 d2 38. Kxd2 Rg2+ 39. Kd3 Rxa2 40. Ra7 Ra3 41. Re3 b4 42. Kc4 b3 43.
Re2 f4 44. Rb2 f3 45. Rf7 a5 46. Rxb3 Ra2 47. Rxf3 a4 48. Rb6+ Kd7 49. Rf7+ Kd8 50. Rb8# 1-0

[Event "Late-Titled-Tuesday-Blitz-February-06-2024"]
[Site "Chess.com"]
[Date "2024.02.06"]
[Round "9"]
[White "DeArron_Fox"]
[Black "kingofthenil"]
[Result "0-1"]
[WhiteElo "2493"]
[BlackElo "2671"]
[TimeControl "180+1"]
[EndTime "15:42:47 PST"]
[Termination "kingofthenil won on time"]

1. d4 Nf6 2. c4 e6 3. Nf3 a6 4. Nc3 d5 5. cxd5 exd5 6. Bg5 Be6 7. e3 Nbd7 8. Bd3 Bd6 9. O-O c6 10. Bf4 Qc7 11. Bxd6 Qxd6 12. Nd2 Ng4 13. g3 h5 14. Qf3 h4 15. Qf4 Qe7 16. e4 hxg3 17. hxg3 g5 18. Qf3 Nh2 19. Qe3 Nxf1 20. Rxf1 dxe4 21. Ndxe4 g4 22. Re1 Nb6 23. Nc5 O-O-O 24. Nxe6 fxe6 25. Bf5 Kb8 26. Bxg4 Qh7 27. Qf4+ Ka7 28. Bf3 Rhf8 29. Qe4 Qxe4 30. Bxe4 Rxd4 31. Bg2 Rd2 32. Rxe6 Rfxf2 33. Bh1 Rxb2 34. Re7 Rfc2 35. Bxc6 Rc1+ 36. Nd1 Rxd1+ 0-1

[Event "Late-Titled-Tuesday-Blitz-February-06-2024"]
[Site "Chess.com"]
[Date "2024.02.06"]
[Round "9"]
[White "viniciusrego"]
[Black "JaackCamel"]
[Result "0-1"]
[WhiteElo "2406"]
[BlackElo "2208"]
[TimeControl "180+1"]
[EndTime "15:42:53 PST"]
[Termination "JaackCamel won by resignation"]

1. e4 e6 2. d4 d5 3. e5 c5 4. c3 Nc6 5. Nf3 Qb6 6. a3 Nh6 7. b4 cxd4 8. cxd4 Nf5 9. Bb2 Bd7 10. Nc3 Nxb4 11. axb4 Bxb4 12. Qd2 Rc8 13. Be2 O-O 14. O-O Rc7 15. Rfc1 Rfc8 16. Qd3 a6 17. Na4 Rxc1+ 18. Rxc1 Rxc1+ 19. Bxc1 Bxa4 20. g4 Ne7 21. Ng5 Ng6 22. Qh3 h6 23. Nf3 Bb5 24. Bd1 Qc6 25. Be3 Qc4 26. g5 h5 27. Qg2 Qd3 0-1

[Event "Late-Titled-Tuesday-Blitz-February-06-2024"]
[Site "Chess.com"]
[Date "2024.02.06"]
[Round "9"]
[White "Viktor_Poddubnyi"]
[Black "CFalcons8"]
[Result "1-0"]
[WhiteElo "2286"]
[BlackElo "2355"]
[TimeControl "180+1"]
[EndTime "15:42:57 PST"]
[Termination "Viktor_Poddubnyi won by resignation"]

1. e4 e5 2. f4 exf4 3. Nf3 g5 4.
h4 g4 5. Ne5 h5 6. Bc4 Nh6 7. d4 d6 8. Nd3 Qe7 9. Nc3 c6 10. O-O Qxh4 11. Rxf4 Be6 12. d5 Bd7 13. Be3 Bg7 14. Qe1 b5 15. Qxh4 bxc4 16. Nb4 c5 17. Nc6 Nxc6 18. dxc6 Bxc6 19. Nd5 Bxd5 20. exd5 Be5 21. Re4 Nf5 22. Rxe5+ dxe5 23. Qf6 1-0